Map: Moonlight Madness LE (Void)

Players

阿珍的熊寶貝

  • Race: Terran Terran
  • League: Gold

Javert - Winner!

  • Race: Zerg Zerg
  • League: Gold

VOD

Have the link to the VOD?

Description

Time

  • Played on: Sept. 5, 2015, 9:37 p.m.
  • Length: 14:29
Show
View Real Time Build Order
Export as new Build Order

阿珍的熊寶貝 Terran 

Build Orders: Reaper Expand, MMM Bio 

Get SALT Encoding   

  12  0:01  SCV  
  13  0:15  SCV  
  14  0:22  Supply Depot  
  14  0:27  SCV  
  15  0:32  Refinery  
  15  0:43  SCV  
  15  0:47  Barracks  
  16  0:55  SCV  
  17  1:07  SCV  
  18  1:19  SCV  
  19  1:33  Command Center  
  19  1:35  Reaper  
  19  1:38  SCV  
  21  1:51  SCV, Supply Depot  
  22  2:03  Orbital Command  
  22  2:08  Barracks Reactor  
  22  2:20  Factory  
  22  2:41  SCV  
  23  2:50  Command Center  
  23  2:53  SCV  
  24  3:11  Orbital Command  
  24  3:14  Hellion x2, Barracks Tech Lab  
  24  3:19  SCV  
  29  3:20  Barracks  
  29  3:28  Refinery  
  29  3:34  SCV  
  30  3:36  Stimpack  
  30  3:38  Hellion  
  32  3:42  Hellion  
  32  3:46  SCV  
  35  3:57  SCV  
  35  3:58  SCV  
  35  4:02  Orbital Command  
  37  4:09  Barracks Reactor, SCV  
  38  4:11  Barracks  
  38  4:14  Supply Depot  
  38  4:16  SCV  
  38  4:17  Barracks  
  39  4:21  SCV  
  40  4:25  Marine  
  40  4:26  Hellion  
  40  4:29  SCV  
  40  4:30  Hellion  
  46  4:34  Orbital Command  
  46  4:44  Starport  
  46  4:46  Marine x2  
  48  4:54  Supply Depot  
  48  4:57  Widow Mine x2  
  52  5:00  SCV x3  
  52  5:05  Barracks Reactor x2  
  52  5:06  Marine x2  
  52  5:07  Marine  
  58  5:24  Marine  
  59  5:34  SCV  
  59  5:35  SCV x2  
  62  5:37  Refinery  
  62  5:38  Refinery  
  62  5:44  Marine x4  
  62  5:45  Marine x3  
  62  5:46  SCV, Starport Reactor  
  62  5:47  SCV x2  
  72  5:50  Widow Mine x2  
  72  5:56  Engineering Bay x2  
  76  5:59  SCV x2  
  76  6:03  Marine  
  79  6:04  Combat Shields, Marine x6  
  79  6:10  SCV  
  79  6:11  SCV x2  
  88  6:18  Armory  
  88  6:21  Marine  
  89  6:28  Terran Infantry Weapons Level 1, Terran Infantry Armor Level 1  
  89  6:29  Supply Depot  
  89  6:30  Supply Depot, Medivac  
  89  6:31  Medivac  
  93  6:50  Marine x4  
  93  6:51  Marine x3  
  100  6:57  Widow Mine x2  
  104  7:06  Orbital Command  
  104  7:13  Missile Turret  
  104  7:16  Missile Turret  
  104  7:22  Marine  
  104  7:23  Marine x6  
  104  7:27  Widow Mine  
  104  7:28  Barracks, Widow Mine  
  115  7:30  Barracks  
  115  7:31  Medivac x2  
  115  7:35  Factory  
  119  7:40  Marine  
  119  7:41  Supply Depot x2  
  119  7:53  Marine x3  
  119  7:54  Marine x3  
  119  7:58  Marine  
  87  8:10  Widow Mine  
  87  8:11  Marine x6  
  78  8:16  Marine  
  78  8:19  SCV x3  
  74  8:25  Barracks Tech Lab  
  74  8:26  Barracks Tech Lab  
  68  8:29  Marine x6  
  68  8:31  SCV x2  
  68  8:32  SCV  
  68  8:34  Marine  
  77  8:40  Terran Infantry Weapons Level 2, Terran Infantry Armor Level 2  
  78  8:46  Marine  
  78  8:47  Marine x2  
  81  8:49  SCV x2  
  81  8:50  SCV  
  81  8:53  Refinery  
  84  8:58  Factory Tech Lab  
  84  8:59  Medivac x2  
  84  9:01  SCV  
  84  9:02  Marauder x2  
  93  9:06  Marauder  
  95  9:15  Missile Turret  
  95  9:21  Refinery  
  95  9:27  Command Center, Widow Mine x2  
  95  9:29  Marauder x2  
  95  9:31  Marauder  
  105  9:43  Marine  
  105  9:44  Marine x5  
  110  9:50  Marauder x2  
  110  9:52  Marauder  
  65  10:14  Marauder, Marine x4  
  65  10:15  Marauder x2, Marine x2  
  68  10:31  Concussive Shells  
  68  10:32  Marine  
  65  10:36  Marauder x3  
  69  10:47  Command Center  
  69  10:51  Siege Tank  
  69  10:53  Marine x4  
  69  10:54  Marine x2  
  78  10:57  Marauder, Marine x2  
  82  11:16  Marine x2  
  82  11:17  Marine x2  
  82  11:18  Marauder x2  
  90  11:19  Marine x2, Marauder  
  90  11:22  Medivac  
  62  11:54  Orbital Command  
  62  11:58  Marauder, Marine x4  
  62  11:59  Marauder x2  
  66  12:20  Orbital Command  
  66  12:38  Marauder x3  
  66  12:39  Marine  
  66  12:40  Marine  
  66  12:41  Marine  
  75  12:45  SCV  
  75  12:47  SCV  
Show
View Real Time Build Order
Export as new Build Order

Javert Zerg - Winner!

Build Orders: Hatch First 

Get SALT Encoding   

  12  0:01  Drone  
  13  0:13  Overlord  
  13  0:21  Drone  
  14  0:34  Drone x2  
  16  0:38  Drone  
  17  0:47  Drone  
  18  1:00  Hatchery  
  18  1:01  Extractor  
  18  1:02  Drone  
  17  1:09  Drone  
  18  1:22  Spawning Pool  
  18  1:23  Drone  
  18  1:30  Drone  
  19  1:40  Drone  
  20  1:53  Drone  
  21  2:02  Overlord  
  21  2:12  Queen x2  
  21  2:14  Metabolic Boost  
  25  2:18  Zergling x4  
  27  2:25  Drone x2  
  29  2:36  Spore Crawler  
  28  2:43  Drone x2  
  31  2:50  Queen  
  33  3:05  Drone x2  
  35  3:06  Overlord  
  35  3:08  Overlord  
  35  3:16  Drone  
  36  3:22  Hatchery  
  36  3:26  Queen  
  37  3:37  Drone x4, Roach Warren  
  40  3:50  Overlord  
  40  3:56  Overlord  
  40  3:57  Overlord  
  40  4:07  Spine Crawler  
  39  4:13  Drone x3  
  39  4:14  Drone x6  
  48  4:17  Extractor  
  47  4:26  Drone  
  47  4:27  Drone x5  
  53  4:37  Extractor  
  53  4:38  Extractor  
  51  4:40  Evolution Chamber  
  51  4:41  Lair  
  51  4:42  Evolution Chamber  
  51  4:43  Drone x2  
  51  4:44  Drone  
  52  4:51  Drone x2  
  52  4:52  Drone  
  55  5:05  Drone x4  
  59  5:08  Overlord x2  
  58  5:20  Drone x4  
  58  5:21  Baneling Nest, Extractor  
  60  5:22  Overlord  
  60  5:23  Extractor, Zerg Melee Weapons Level 1  
  58  5:35  Roach x5  
  68  5:48  Roach  
  68  5:49  Roach x5  
  80  5:55  Glial Reconstitution  
  80  5:57  Zerg Missile Weapons Level 1  
  80  6:03  Baneling Nest  
  79  6:06  Roach x3  
  79  6:07  Roach  
  79  6:10  Centrifical Hooks  
  87  6:16  Overlord  
  87  6:18  Ravager x4  
  91  6:26  Drone x3  
  91  6:28  Spine Crawler  
  91  6:31  Overlord  
  93  6:38  Ravager x2  
  93  6:39  Ravager  
  96  6:40  Roach x3  
  102  6:47  Drone x2  
  102  6:48  Drone x3  
  102  6:53  Zergling x6  
  102  6:54  Zergling x2  
  111  6:55  Zergling x2  
  112  7:04  Drone x2  
  112  7:05  Overlord  
  114  7:12  Baneling x9  
  114  7:13  Baneling  
  114  7:15  Overlord  
  114  7:17  Zerg Ground Armor Level 1  
  114  7:26  Zergling x12  
  120  7:31  Overseer  
  120  7:33  Overseer x3  
  120  7:49  Overlord x2  
  95  8:11  Roach x2  
  95  8:12  Roach x14  
  104  8:27  Zergling x2  
  104  8:28  Zergling x16  
  107  8:37  Drone x3  
  107  8:38  Drone x2  
  107  8:39  Drone x4  
  116  8:41  Unknown  
  116  8:44  Infestation Pit  
  115  8:49  Baneling x3  
  115  8:50  Baneling x12  
  115  8:54  Drone x2  
  117  8:57  Ravager x4  
  117  8:58  Ravager x3  
  117  8:59  Ravager  
  125  9:15  Zerg Missile Weapons Level 2  
  125  9:20  Overseer x3  
  125  9:23  Overlord x2  
  125  9:24  Drone  
  125  9:27  Overlord  
  125  9:29  Extractor  
  125  9:30  Extractor  
  124  9:35  Hatchery  
  108  9:57  Roach x5  
  108  9:58  Roach x11  
  118  10:22  Zergling x24  
  118  10:23  Zergling x6  
  124  10:43  Zergling x12  
  124  10:49  Baneling  
  127  10:50  Baneling x15  
  127  10:51  Baneling x14  
  127  10:53  Drone x4  
  127  10:54  Drone x2  
  133  11:03  Roach x2  
  133  11:04  Roach x4  
  145  11:10  Overlord x2  
  145  11:16  Hive  
  145  11:26  Zerg Ground Armor Level 2  
  118  12:01  Roach  
  118  12:02  Roach x13  
  118  12:03  Roach x8  
  118  12:07  Overlord  
  162  12:08  Zerg Melee Weapons Level 2  
  162  12:16  Ravager  
  162  12:17  Ravager x5  
  162  12:19  Overlord x3  
  162  12:20  Overlord x2  
  168  12:31  Overlord x2  
  168  12:35  Overlord x2, Ultralisk Cavern  
  168  12:36  Pneumatized Carapace  
  167  13:04  Drone x2  
  167  13:05  Drone x3  
  167  13:09  Drone x2, Spine Crawler, Spore Crawler  
  167  13:10  Drone x3, Spine Crawler  
  167  13:11  Spine Crawler x2  
  167  13:14  Zergling x2  
  167  13:15  Zergling x14  
  167  13:26  Overseer x2  
  167  13:27  Overseer x2  
  167  13:35  Baneling x7  
  167  13:36  Baneling x5  
  167  13:37  Baneling x2  
  167  13:38  Baneling  
Tags
 
Add a new tag
Caveats
  • Supply blocks, unpowered buildings, or Contaminate may cause inaccurate times.
  • Supply counts are checked every 10 seconds.